AoeStats
← Gungnir

Arabia

503410777Analyzed
1v1 RM · 1mo ago on Aug 31, 2026· 43m 49s· 2 players
Game mode
Random Map
Map size
Tiny (2 player)
Population
200
Speed
Normal
Resources
Standard
Victory
Conquest
Starting age
Dark Age
Ending age
Imperial Age
RankedLock teamsTeams togetherTeam positionsShared explorationLock speedFull tech treeHidden civsTurbo modeCheats
Victory
Defeat
🇦🇷 Vietnamese · Argentina
1354
+16
🇦🇷 Mongols · Argentina
1350
-16
Gungnir
6:05 Loom
8:38 Feudal Age
9:41 Double-Bit Axe
11:32 Town Watch
13:04 Horse Collar
18:08 Fletching
23:43 Castle Age
22:26 Bloodlines
22:23 Scale Barding Armor
23:08 Padded Archer Armor
26:28 Wheelbarrow
26:28 Elite Skirmisher
29:23 Bodkin Arrow
29:44 Leather Archer Armor
30:43 Ballistics
36:44 Heavy Plow
40:07 Imperial Age
40:24 Chain Barding Armor
42:32 Chemistry
42:33 Bracer
Gusty Pepa
6:51 Loom
9:21 Feudal Age
9:51 Double-Bit Axe
9:55 Man-at-Arms
21:36 Castle Age
20:34 Fletching
22:13 Bodkin Arrow
21:46 Elite Skirmisher
22:13 Horse Collar
22:48 Bow Saw
23:22 Padded Archer Armor
23:35 Gold Mining
28:01 Wheelbarrow
29:50 Ballistics
33:40 Imperial Age
34:19 Thumb Ring
34:34 Bracer
34:03 Imperial Skirmisher
36:03 Chemistry
39:08 Stone Mining
41:10 Leather Archer Armor
Connection lost

Rejoining the realm…

Still unreachable

The connection could not be restored.

Session expired

The server has moved on; the page needs a fresh start.